 Dungeon Crawl Stone Soup version 0.25-a0-734-g73332aeda9 (webtiles) character file.

Game seed: 14038393715628821605, levelgen mode: deterministic

65 15rune the Vexing (level 4, 0/21 HPs)
             Began as a Vine Stalker Arcane Marksman on Apr 11, 2020.
             Was an Initiate of Cheibriados.
             Slain by a gnoll (4 damage)
             ... on level 2 of the Dungeon.
             The game lasted 00:07:27 (1849 turns).

15rune the Vexing (Vine Stalker Arcane Marksman)    Turns: 1849, Time: 00:07:29

Health: 0/21       AC:  5    Str: 13    XL:     4   Next: 13%
Magic:  0/7        EV: 13    Int: 15    God:    Cheibriados [......]
Gold:   102        SH:  0    Dex: 16    Spells: 3/6 levels left

rFire    . . .     SeeInvis .   h - +1 mace (vorpal)
rCold    . . .     Gourm    .   (no shield)
rNeg     . . .     Faith    .   a - +0 robe
rPois    .         Spirit   +   (no helmet)
rElec    .         Reflect  .   (no cloak)
rCorr    .         Harm     .   (no gloves)
MR       .....                  (no boots)
Stlth    +.........             (no amulet)
HPRegen  0.47/turn              g - +3 ring of protection
MPRegen  0.10/turn              (no ring)

@: very slow
A: fangs 2, regeneration 1, magic shield, antimagic bite, no potion heal 3, rot
immunity
a: Bend Time, Renounce Religion


You were on level 2 of the Dungeon.
You worshipped Cheibriados.
Cheibriados was noncommittal.
You were not hungry.

You visited 1 branch of the dungeon, and saw 2 of its levels.

You collected 102 gold pieces.

Inventory:

Hand Weapons
 h - a +1 vorpal mace (weapon)
Missiles
 c - 5 javelins (quivered)
 d - 2 throwing nets
Armour
 a - a +0 robe (worn)
 e - a +0 leather armour
Jewellery
 g - a +3 ring of protection (left hand)
Scrolls
 b - 3 scrolls of identify
 j - a scroll of immolation {unknown}
 l - a scroll of noise {unknown}
 m - a scroll of enchant weapon {unknown}
 n - a scroll of fear {unknown}
 o - a scroll of enchant armour {unknown}
 p - a scroll of amnesia {unknown}
Potions
 i - a potion of stabbing {unknown}
 k - a potion of curing
Comestibles
 f - 6 rations
 q - 6 chunks of flesh


   Skills:
 - Level 0.8 Fighting
 + Level 0.8 Maces & Flails
 * Level 2.7 Throwing
 - Level 2.0 Dodging
 - Level 0.2 Unarmed Combat
 + Level 1.8 Spellcasting
 + Level 3.3 Hexes


You had 3 spell levels left.
You knew the following spells:

 Your Spells              Type           Power        Failure   Level  Hunger
a - Corona                Hex            ##.....      6%          1    ##.....
b - Slow                  Hex            ##......     9%          2    ###....

Your spell library contained the following spells:

 Spells                   Type           Power        Failure   Level  Hunger
 Inner Flame              Hex/Fire       #.......     34%         3    ####...
 Portal Projectile        Hex/Tloc       #.....       34%         3    ####...
 Cause Fear               Hex            ##........   50%         4    #####..
 Leda's Liquefaction      Hex/Erth       #.........   75%         4    #####..


Dungeon Overview and Level Annotations

Branches:
Dungeon (2/15)

Altars:
Cheibriados


Innate Abilities, Weirdness & Mutations

You have extremely sharp teeth.
Your natural rate of healing is unusually fast.
When hurt, damage is shared between your health and your magic reserves.
Your bite disrupts and absorbs the magic of your enemies.
Potions cannot restore your health.
You are immune to rotting.


Message History

The gnoll hits you from afar with a +0 halberd!
The gnoll hits you but does no damage.
The frilled lizard hisses angrily.
You hit the gnoll but do no damage. The gnoll hits you but does no damage.
The gnoll hits you from afar with a +0 halberd!
You see here a giant cockroach corpse.
Okay, then.
You have no ailments to cure.
Okay, then.
The gnoll barely misses you. The gnoll completely misses you.
The gnoll hits you. The gnoll barely misses you. The gnoll closely misses you.
The frilled lizard unfolds its giant frill.
The gnoll hits you. The gnoll barely misses you.
The gnoll hits you from afar with a +0 halberd!
Ouch! That really hurt!
* * * LOW HITPOINT WARNING * * *
There is a stone staircase leading up, spattered with blood here.
The gnoll hits you.
You die...

###...... ........ ......
....#### #......# ..
..#.)....# ##.#.##......#
..##. ##..#.##......######
..... ......##@..........#
%....# #....g..........#
...... ##.##gg..........#
#..... ##..#.l..##.......#
....g. #.....#<####...)..#
......####.........#...._..#
...##..##............#.....#
.......†............##.....#
..####.#.#..........##.....#


You could see 3 gnolls and a frilled lizard.

Vanquished Creatures
  2 oozes (D:1)
  3 dart slugs
  5 giant cockroaches
  4 goblins
  8 hobgoblins
  6 jackals
  5 bats (D:1)
  3 frilled lizards
  6 kobolds
  2 rats (D:1)
44 creatures vanquished.

Notes
Turn   | Place    | Note
-------+----------+-------------------------------------------
     0 | D:1      | 15rune the Vine Stalker Arcane Marksman began the quest for
                  | the Orb.
     0 | D:1      | Reached XP level 1. HP: 9/9 MP: 3/3
   428 | D:1      | Reached XP level 2. HP: 14/14 MP: 1/4
   529 | D:1      | Reached XP level 3. HP: 9/17 MP: 4/6
   736 | D:1      | Learned a level 2 spell: Slow
  1727 | D:2      | Gained mutation: Your natural rate of healing is unusually
                  | fast. [Vine Stalker growth]
  1727 | D:2      | Reached XP level 4. HP: 21/21 MP: 5/7
  1782 | D:2      | Found a snail-covered altar of Cheibriados.
  1793 | D:2      | Became a worshipper of Cheibriados the Contemplative
  1849 | D:2      | Slain by a gnoll

Levels and vault maps discovered:
D:1:      giann_bridges, layout_basic
D:2:      layout_rooms, nicolae_gozag_zags_fifth_avenue, first_ration,
          cheibriados_altar_1, uniq_terence, uniq_jessica

Skill      XL: |  1  2 |
---------------+-------+-----
Throwing       | 2 |  2.7
Dodging        | 2 |  2.0
Fighting       | |  0.8
Maces & Flails | |  0.8
Unarmed Combat | |  0.2
Spellcasting   | |  1.8
Hexes          | |  3.3

Action                   |  1- 3 |  4- 6 || total
-------------------------+-------+-------++-------
Melee: Unarmed           |    24 |       ||    24
       Bite              |    20 |       ||    20
       Mace              |    72 |     7 ||    79
Throw: Javelin           |     4 |       ||     4
 Cast: Corona            |    31 |     3 ||    34
  Use: Scroll            |     1 |       ||     1
  Eat: Chunk             |     4 |       ||     4
Armor: Robe              |    45 |     4 ||    49
Dodge: Dodged            |    99 |    10 ||   109

Table legend:
 A = Non-vault XP
 B = Vault XP
 C = Vault XP percentage of total XP
 D = Non-vault monster count
 E = Vault monster count
 F = Vault count percentage of total count
                 A         B        C        D         E       F
            +---------+---------+-------+---------+---------+-------
      Total |      93 |       0 |   0.0 |      44 |       0 |   0.0
            +---------+---------+-------+---------+---------+-------
        D:1 |      68 |       0 |   0.0 |      32 |       0 |   0.0
        D:2 |      25 |       0 |   0.0 |      12 |       0 |   0.0
            +---------+---------+-------+---------+---------+-------
